 Dungeon Crawl Stone Soup version 0.28.0-1-gb440e238dd (webtiles) character file.

Game seed: 3590785476216899069

161 Ijustatesigmund the Ducker (level 5, -6/37 HPs)
             Began as an Octopode Fighter on Feb 24, 2022.
             Succumbed to an orc wizard's poison
             ... on level 3 of the Dungeon.
             The game lasted 00:02:08 (1762 turns).

Ijustatesigmund the Ducker (Octopode Fighter)       Turns: 1762, Time: 00:02:08

Health: -6/37      AC:  5    Str: 16    XL:     5   Next: 42%
Magic:  1/5        EV: 13    Int: 10    God:
Gold:   1329       SH:  5    Dex: 13    Spells: 4/4 levels left

rFire   . . .      SeeInvis .   a - +0 war axe
rCold   . . .      Faith    .   b - +0 buckler
rNeg    . . .      Spirit   +   (helmet restricted)
rPois   .          Reflect  .   f - amulet of guardian spirit
rElec   .          Harm     .   e - +4 ring of protection
rCorr   .          Rampage  .   (no ring)
Will    .....                   (no ring)
Stlth   ++........              (no ring)
HPRegen 0.12/turn               (no ring)
MPRegen 0.09/turn               (no ring)
                                (no ring)
                                (no ring)

@: mighty, lethally poisoned (-6 -> -30)
A: almost no armour, amphibious, 8 rings, camouflage 1, gelatinous body 1,
(nimble swimmer 1), tentacles
a: no special abilities


You were on level 3 of the Dungeon.
You visited 1 branch of the dungeon, and saw 3 of its levels.

You collected 1329 gold pieces.

Inventory:

Hand Weapons
 a - a +0 war axe (weapon)
Missiles
 j - a throwing net (quivered)
Armour
 b - a +0 buckler (worn)
Jewellery
 e - a +4 ring of protection (left tentacle)
 f - an amulet of guardian spirit (around mantle)
Potions
 c - a potion of might
 i - a potion of resistance


   Skills:
 + Level 3.9 Fighting
 + Level 3.1 Axes
 + Level 3.9 Dodging
 + Level 3.9 Shields


You had 4 spell levels left.
You didn't know any spells.
Your spell library contained the following spells:

 Spells                   Type           Power      Damage    Failure   Level
 Alistair's Intoxication  Tmut/Pois      0%         N/A       100%        5
 Borgnjor's Vile Clutch   Necr/Erth      0%         N/A       100%        5
 Eringya's Noxious Bog    Tmut/Pois      0%         N/A       100%        6


Dungeon Overview and Level Annotations

Branches:
Dungeon (3/15)

Altars:


Innate Abilities, Weirdness & Mutations

You cannot wear most types of armour.
You are amphibious.
You can wear up to eight rings at the same time.
Your skin changes colour to match your surroundings (Stealth+).
Your rubbery body absorbs attacks. (AC +1, EV +1)
((You are camouflaged when in or above water. (Stealth+)))
You have tentacles for arms and can constrict up to eight enemies at once.


Message History

You closely miss the orc priest. You grab the orc priest.
The orc priest is almost dead.
You hit something but do no damage. You constrict the orc priest.
You kill the orc priest!
The bat hits you. Something hits you but does no damage.
You are poisoned.
Your Axes skill increases to level 3!
You have reached level 5!
You feel stronger.
You feel better. You block the bat's attack. Something hits you.
You are poisoned.
You hit something.
Your tentacle-slap misses something.
You feel sick. The bat hits you but does no damage. Something hits you. x2
You are more poisoned.
You miss something.
You feel very sick. The bat hits you but does no damage.
The bat barely misses you. The bat closely misses you.
The orc priest miscasts a cantrip.
Something hits you.
You are lethally poisoned!
You miss something. You slash the bat!
You kill the bat!
* * * LOW HITPOINT WARNING * * *
You feel very sick. Something hits you.
* * * LOW HITPOINT WARNING * * *
You are more poisoned.
The orc priest hits you but does no damage.
You slash the orc priest! You grab the orc priest. You squeeze the orc priest!
You kill the orc priest!
You closely miss something.
* * * LOW HITPOINT WARNING * * *
You feel extremely sick. You block something's attack. Something hits you.
* * * LOW HITPOINT WARNING * * *
You are more poisoned.
Okay, then.
You miss something.
You die...

............#
........########..
..................
#+####.......###.
#..........#
#...#+####.######
..... #......#
##### ########.#
......)@.#
#......### #..(...
###.... #.### #. #


There were no monsters in sight!

Vanquished Creatures
  2 orc priests (D:3)
  Terence (D:2)
  3 gnolls (D:2)
  2 adders (D:2)
  3 bats
  3 endoplasms
  2 giant cockroaches
  4 goblins (D:1)
  A hobgoblin (D:2)
  A jackal (D:1)
  4 kobolds
  A quokka (D:1)
  A ball python (D:2)
  3 rats (D:1)
31 creatures vanquished.

Notes
Turn   | Place    | Note
-------+----------+-------------------------------------------
     0 | D:1      | Ijustatesigmund the Octopode Fighter began the quest for
                  | the Orb.
     0 | D:1      | Reached XP level 1. HP: 16/16 MP: 1/1
   136 | D:1      | Reached XP level 2. HP: 21/21 MP: 2/2
   670 | D:2      | Reached XP level 3. HP: 26/26 MP: 3/3
   679 | D:2      | Found a faded altar of an unknown god.
  1139 | D:2      | Reached XP level 4. HP: 31/31 MP: 4/4
  1192 | D:2      | Noticed Terence
  1197 | D:2      | Killed Terence
  1390 | D:2      | Identified a scroll of acquirement
  1390 | D:2      | Acquired 1247 gold pieces
  1757 | D:3      | Reached XP level 5. HP: 22/37 MP: 1/5
  1761 | D:3      | HP: 1/37 [something (1)]
  1762 | D:3      | Succumbed to an orc wizard's poison

Illustrated notes

Levels and vault maps discovered:
D:1:      ncdulo_lavacross, layout_basic, minmay_pentomino_w2
D:2:      layout_basic, ebering_ecumenical_altar_sacrificial, uniq_terence
D:3:      layout_basic

Skill      XL: |  1  2  3  4 |
---------------+-------------+-----
Axes           | 3 |  3.1
Fighting       | |  3.9
Dodging        | |  3.9
Shields        | |  3.9

Action                   |  1- 3 |  4- 6 || total
-------------------------+-------+-------++-------
Melee: War axe           |    38 |    16 ||    54
       Constrict         |     7 |     4 ||    11
       Tentacles         |     5 |     5 ||    10
       Punch             |     3 |       ||     3
  Use: Scroll            |       |     3 ||     3
       Potion            |       |     3 ||     3
 Stab: Sleeping          |     7 |     1 ||     8
Armor: Skin              |     6 |     8 ||    14
Dodge: Dodged            |    34 |    14 ||    48
Block: Buckler           |     5 |     6 ||    11
